 Dungeon Crawl Stone Soup version 0.25.1-1-g288607f5aa (webtiles) character file.

Game seed: 2517694038024385266

77 Delamore the Cudgeler (level 4, -2/28 HPs)
             Began as a Gargoyle Fighter on July 19, 2020.
             Killed by divine providence
             ... invoked by an orc priest
              (10 damage)
             ... on level 3 of the Dungeon.
             The game lasted 00:01:34 (1859 turns).

Delamore the Cudgeler (Gargoyle Fighter)            Turns: 1859, Time: 00:01:34

Health: -2/28      AC: 10    Str: 21    XL:     4   Next: 34%
Magic:  4/4        EV:  7    Int:  8    God:
Gold:   160        SH:  9    Dex:  9    Spells: 3/3 levels left

rFire    . . .     SeeInvis .   a - +0 flail
rCold    . . .     Gourm    .   c - +0 kite shield
rNeg     + . .     Faith    .   b - +0 scale mail
rPois    ∞         Spirit   .   (no helmet)
rElec    +         Reflect  .   (no cloak)
rCorr    .         Harm     .   (no gloves)
MR       .....                  (no boots)
Stlth    ..........             (no amulet)
HPRegen  0.09/turn              e - ring of flight
MPRegen  0.09/turn              (no ring)

@: no status effects
A: negative energy resistance 1, electricity resistance, unbreathing,
petrification resistance, rot immunity, AC +3
a: Evoke Flight


You were on level 3 of the Dungeon.
You were not hungry.

You visited 1 branch of the dungeon, and saw 3 of its levels.

You collected 160 gold pieces.

Inventory:

Hand Weapons
 a - a +0 flail (weapon)
Missiles
 g - 6 boomerangs (quivered)
 o - 6 atropa-tipped darts
Armour
 b - a +0 scale mail (worn)
 c - a +0 kite shield (worn)
Jewellery
 e - a ring of flight (left hand)
Scrolls
 h - a scroll of random uselessness {unknown}
 i - 4 scrolls of identify {unknown}
 n - a scroll of noise {unknown}
 p - a scroll of fear {unknown}
 q - 3 scrolls of fog {unknown}
 u - a scroll of remove curse {unknown}
 v - a scroll of enchant weapon {unknown}
Potions
 d - 2 potions of might
 j - a potion of brilliance {unknown}
 k - a potion of flight {unknown}
 l - a potion of lignification {unknown}
 m - a potion of berserk rage {unknown}
 r - a potion of resistance {unknown}
 s - 2 potions of heal wounds {unknown}
Comestibles
 f - 5 rations
 t - 2 chunks of flesh


   Skills:
 - Level 3.2 Fighting
 + Level 4.4 Maces & Flails
 - Level 3.2 Armour
 - Level 3.2 Shields


You had 3 spell levels left.
You didn't know any spells.
Your spell library was empty.

Dungeon Overview and Level Annotations

Branches:
Dungeon (3/15)

Altars:


Innate Abilities, Weirdness & Mutations

You are resistant to torment.
Your stone body is resilient. (AC +3)
You are immune to poison.
You resist negative energy. (rN+)
You are resistant to electric shocks. (rElec)
You can survive without breathing.
You are immune to petrification.
You are immune to rotting.


Message History

The orc priest calls down the wrath of Beogh upon you.
Beogh smites you!
Ouch! That really hurt!
* * * LOW HITPOINT WARNING * * *
The orc wizard looks encouraged for a moment.
You are too injured to fight recklessly!
You are too injured to fight recklessly!
You are too injured to fight recklessly!
You are too injured to fight recklessly!
You are too injured to fight recklessly!
You are too injured to fight recklessly!
You are too injured to fight recklessly!
You are too injured to fight recklessly!
You are too injured to fight recklessly!
You are too injured to fight recklessly!
You are too injured to fight recklessly!
You are too injured to fight recklessly!
The orc priest mumbles some strange prayers to Beogh against you.
Beogh smites you!
You die...

#.....o.....#
#####.##.......#
...#o##.S..o..#######
#.#.##.......'o.....
#..>##.......#l.....
###o##.......# o....
#o##.......# ...o
#)##.......# ...
#@########## .. ### #


You could see an orc priest, an orc wizard and an orc.

Vanquished Creatures
  A gnoll (D:1)
  3 adders (D:2)
  A leopard gecko (D:2)
  6 orcs (D:3)
  3 bats (D:1)
  3 giant cockroaches (D:1)
  3 goblins
  4 hobgoblins
  A ball python (D:1)
  5 frilled lizards
  2 kobolds (D:1)
  3 rats
35 creatures vanquished.

Notes
Turn   | Place    | Note
-------+----------+-------------------------------------------
     0 | D:1      | Delamore the Gargoyle Fighter began the quest for the Orb.
     0 | D:1      | Reached XP level 1. HP: 14/14 MP: 1/1
   124 | D:1      | Reached XP level 2. HP: 19/19 MP: 2/2
   146 | D:1      | Reached skill level 3 in Maces & Flails
   492 | D:1      | Reached XP level 3. HP: 23/23 MP: 3/3
  1595 | D:2      | Reached skill level 4 in Maces & Flails
  1768 | D:3      | Reached XP level 4. HP: 28/28 MP: 4/4
  1859 | D:3      | Killed from afar by an orc priest

Illustrated notes

Levels and vault maps discovered:
D:1:      eino_arrival_cavern_d, layout_basic
D:2:      layout_loops_corners
D:3:      layout_basic, first_ration, uniq_grinder

Skill      XL: |  1  2  3 |
---------------+----------+-----
Maces & Flails | 3 4 |  4.4
Fighting       | |  3.2
Armour         | |  3.2
Shields        | |  3.2

Action                   |  1- 3 |  4- 6 || total
-------------------------+-------+-------++-------
Melee: Flail             |   121 |    48 ||   169
  Eat: Ration            |     1 |       ||     1
Armor: Scale mail        |    82 |    25 ||   107
Dodge: Dodged            |    39 |    12 ||    51
Block: Kite shield       |    61 |    27 ||    88
